Map: Ruins of Endion

Players

ColonelK - Winner!

  • Race: Protoss Protoss
  • League: Master

Miszu

  • Race: Terran Terran
  • League: Master

VOD

Have the link to the VOD?

Description

Time

  • Played on: June 18, 2016, 1:17 p.m.
  • Length: 6:54
Show
View Real Time Build Order
Export as new Build Order

ColonelK Protoss - Winner!

Build Orders: 1 Gate Expand, Blink Stalkers 

Get SALT Encoding   

  12  0:02  Probe (Chrono Boost)  
  13  0:13  Probe (Chrono Boost)  
  14  0:18  Pylon  
  14  0:23  Probe (Chrono Boost)  
  15  0:36  Probe (Chrono Boost)  
  15  0:37  Gateway  
  16  0:43  Assimilator  
  16  0:46  Probe (Chrono Boost)  
  18  0:57  Probe (Chrono Boost)  
  18  1:07  Probe (Chrono Boost)  
  19  1:21  Nexus  
  19  1:24  Probe (Chrono Boost)  
  20  1:38  Cybernetics Core  
  21  1:40  Probe (Chrono Boost)  
  21  1:46  Pylon  
  21  1:50  Probe (Chrono Boost)  
  22  1:59  Assimilator  
  22  2:01  Probe (Chrono Boost)  
  23  2:11  Probe (Chrono Boost)  
  23  2:14  Adept (Chrono Boost), Warp Gate  
  26  2:23  Probe  
  27  2:31  Probe  
  27  2:35  Probe  
  28  2:42  Probe  
  28  2:45  Stalker (Chrono Boost)  
  28  2:47  Probe  
  31  2:53  Probe (Chrono Boost)  
  32  2:59  Probe (Chrono Boost)  
  32  3:04  Probe (Chrono Boost)  
  34  3:09  Twilight Council  
  34  3:10  Probe (Chrono Boost)  
  35  3:15  Probe (Chrono Boost)  
  36  3:20  Probe (Chrono Boost)  
  36  3:26  Probe (Chrono Boost)  
  38  3:31  Probe (Chrono Boost)  
  39  3:34  Robotics Facility  
  39  3:36  Probe (Chrono Boost)  
  40  3:41  Probe (Chrono Boost)  
  40  3:44  Pylon  
  40  3:46  Probe (Chrono Boost)  
  40  3:48  Gateway  
  42  3:50  Blink (Chrono Boost)  
  42  3:52  Probe  
  43  3:55  Probe  
  43  3:57  Gateway  
  44  4:04  Probe  
  44  4:06  Probe  
  46  4:17  Probe x2  
  46  4:20  Nexus  
  46  4:24  Pylon  
  48  4:26  Gateway  
  48  4:29  Assimilator  
  48  4:30  Mothership Core  
  48  4:36  Stalker  
  52  4:38  Probe  
  53  4:48  Assimilator  
  53  4:49  Pylon, Probe  
  53  4:50  Probe  
  55  4:53  Warp Prism  
  55  4:58  Stalker  
  59  5:04  Stalker  
  61  5:12  Stalker, Probe  
  61  5:13  Probe  
  63  5:21  Stalker  
  64  5:25  Stalker  
  64  5:28  Stalker  
  68  5:32  Observer  
  69  5:42  Probe  
  69  5:44  Probe  
  71  5:52  Pylon  
  71  5:54  Stalker x2  
  71  5:56  Stalker  
  77  6:06  Forge  
  77  6:08  Probe x2  
  77  6:10  Observer, Pylon, Probe  
  79  6:19  Probe  
  76  6:27  Stalker x4  
  80  6:35  Probe x3  
  88  6:47  Pylon  
Show
View Real Time Build Order
Export as new Build Order

Miszu Terran 

Build Orders: Reaper Expand 

Get SALT Encoding   

  12  0:01  SCV  
  13  0:13  SCV  
  14  0:18  Supply Depot  
  14  0:25  SCV  
  15  0:40  SCV  
  15  0:41  Barracks  
  16  0:45  Refinery  
  16  0:52  SCV  
  17  1:04  SCV  
  18  1:16  SCV  
  19  1:28  Orbital Command  
  19  1:29  Reaper  
  20  1:47  Command Center  
  20  1:53  Supply Depot  
  21  1:54  SCV  
  21  2:01  Marine  
  21  2:06  Factory  
  22  2:12  SCV  
  22  2:15  Refinery  
  23  2:24  SCV  
  24  2:42  Barracks Reactor  
  24  2:43  SCV  
  25  2:56  Factory  
  25  3:00  Factory Tech Lab  
  25  3:03  SCV  
  25  3:04  Orbital Command  
  26  3:15  SCV  
  26  3:18  Cyclone  
  31  3:27  SCV  
  32  3:35  SCV  
  32  3:39  SCV  
  34  3:41  Supply Depot  
  34  3:47  SCV  
  35  3:50  Hellion x2, Cyclone  
  35  3:51  SCV  
  35  3:54  Factory  
  44  3:59  Barracks Reactor  
  44  4:00  SCV  
  45  4:03  SCV  
  45  4:04  Supply Depot  
  46  4:11  Hellion  
  46  4:12  SCV  
  46  4:15  SCV  
  50  4:17  Hellion  
  52  4:24  SCV  
  52  4:26  Cyclone  
  52  4:30  SCV  
  58  4:33  Hellion  
  58  4:36  SCV  
  58  4:38  Supply Depot  
  61  4:43  SCV  
  61  4:59  Hellion x2, Cyclone  
  69  5:01  Supply Depot  
  69  5:22  Hellion  
  69  5:25  Hellion x3  
  77  5:31  Cyclone  
  77  5:33  Command Center  
  77  5:42  SCV  
  68  5:43  SCV  
  68  5:44  Hellion  
  68  5:46  Hellion x3  
  73  5:50  Armory  
  73  5:53  Supply Depot  
  73  5:54  SCV  
  73  5:55  SCV  
  75  6:02  Armory  
  75  6:03  Refinery x2  
  75  6:05  Cyclone  
  78  6:15  SCV  
  67  6:28  Hellion  
  67  6:29  Hellion x3  
  67  6:35  SCV x2  
Tags
 
Add a new tag
Caveats
  • Supply blocks, unpowered buildings, or Contaminate may cause inaccurate times.
  • Supply counts are checked every 10 seconds.